 Dungeon Crawl Stone Soup version 0.29.1-12-g30fa7ad0bf (webtiles) character file.

Game seed: 1782474245490500218

90352 nachturnus the Champion of Chaos (level 15, -1/208 HPs)
             Began as a Minotaur Monk on Jan 17, 2023.
             Was the Champion of Makhleb.
             Slain by a spark wasp (16 damage)
             ... on level 1 of the Depths on Jan 19, 2023.
             The game lasted 01:42:03 (28184 turns).

nachturnus the Champion of Chaos (Minotaur Monk)   Turns: 28184, Time: 01:42:05

Health: -1/208     AC: 24    Str: 23    XL:     15   Next: 51%
Magic:  25/25      EV:  9    Int:  7    God:    Makhleb [******]
Gold:   1420       SH: 24    Dex: 15    Spells: 14/14 levels left

rFire   + . .      SeeInvis .   E - +4 war axe (flame)
rCold   + . .      Faith    +   H - +6 tower shield of Xuufoqau {rPois Will- Regen+}
rNeg    + . .      Spirit   .   m - +4 pearl dragon scales
rPois   +          Reflect  .   (helmet restricted)
rElec   .          Harm     .   J - scarf {rC+ rF+}
rCorr   .          Rampage  .   h - +2 pair of gloves
Will    +....                   G - +1 pair of boots of Shadows and Fog {Dex+2}
Stlth   ..........              u - amulet of faith
HPRegen 1.24/turn               Y - +4 ring of slaying
MPRegen 0.19/turn               t - +4 ring of slaying

@: berserking, very quick
A: horns 2, retaliatory headbutt, strong-willed 1
a: Renounce Religion, Minor Destruction, Lesser Servant of Makhleb, Major
Destruction, Greater Servant of Makhleb


You were on level 1 of the Depths.
You worshipped Makhleb.
Makhleb was exalted by your worship.
You visited 5 branches of the dungeon, and saw 24 of its levels.
You also visited: Ossuary.

You collected 3469 gold pieces.
You spent 2049 gold pieces at shops.

Inventory:

Hand Weapons
 i - a +0 spectral broad axe
 y - a +5 morningstar
 E - a +4 war axe of flaming (weapon)
Missiles
 R - 3 throwing nets (quivered)
Armour
 h - a +2 pair of gloves (worn)
 m - +4 pearl dragon scales (worn)
 z - the +0 robe of the Iron City of Dis {Fly rC+}
   (You found it on level 1 of the Lair of Beasts)

   rC:        It protects you from cold.
   Fly:       It grants you flight.
 G - the +1 pair of boots of Shadows and Fog (worn) {Dex+2}
   (You found it on level 8 of the Dungeon)

   Dex:       It affects your dexterity (+2).
 H - the +6 tower shield of Xuufoqau (worn) {rPois Will- Regen+}
   (You bought it in a shop on level 1 of the Dungeon)

   rPois:     It protects you from poison.
   Regen:     It increases your rate of health regeneration.
   Will:      It decreases your willpower.
 J - a scarf of resistance (worn)
Jewellery
 f - a +6 ring of strength
 t - a +4 ring of slaying (right hand)
 u - an amulet of faith (around neck)
 v - a +6 ring of strength
 I - an amulet of guardian spirit
 N - the ring of Kaotou {rN+ Dex+2}
   (You found it on level 3 of the Lair of Beasts)

   [ring of positive energy]

   Dex:       It affects your dexterity (+2).
   rN:        It protects you from negative energy.
 O - an amulet of magic regeneration
 Y - a +4 ring of slaying (left hand)
Wands
 d - a wand of polymorph (9)
 r - a wand of acid (1)
 C - a wand of iceblast (15)
 D - a wand of mindburst (12)
 F - a wand of charming (19)
Scrolls
 a - 5 scrolls of identify
 k - 3 scrolls of fear
 l - 3 scrolls of poison
 n - 6 scrolls of butterflies
 o - 8 scrolls of teleportation
 w - a scroll of summoning
 x - a scroll of amnesia
 Q - a scroll of brand weapon
 T - a scroll of silence
 V - a scroll of magic mapping
Potions
 b - 8 potions of curing
 c - 2 potions of ambrosia
 e - a potion of might
 g - a potion of magic {unknown}
 j - 2 potions of haste
 p - 3 potions of lignification
 q - 4 potions of invisibility
 s - 4 potions of resistance
 A - 5 potions of brilliance
 B - 2 potions of flight
 X - a potion of berserk rage
Miscellaneous
 L - a box of beasts


   Skills:
 + Level 14.9 Fighting
 - Level 13.6(15.3) Axes
 - Level 11.7(14.4) Maces & Flails
 - Level 10.2 Armour
 - Level 3.2 Dodging
 - Level 1.5 Stealth
 - Level 14.3 Shields
 - Level 15.0 Invocations


You had 14 spell levels left.
You didn't know any spells.
Your spell library contained the following spells:

 Spells                   Type           Power      Damage    Failure   Level
 Magic Dart               Conj           0%         1d3       99%         1
 Summon Small Mammal      Summ           0%         N/A       99%         1
 Searing Ray              Conj           0%         2d4       100%        2
 Call Canine Familiar     Summ           0%         N/A       100%        3
 Gell's Gravitas          Tloc           0%         N/A       100%        3
 Lesser Beckoning         Tloc           0%         N/A       100%        3
 Portal Projectile        Hex/Tloc       0%         N/A       100%        3
 Stone Arrow              Conj/Erth      0%         3d7       100%        3
 Summon Guardian Golem    Hex/Summ       0%         N/A       100%        3
 Teleport Other           Tloc           0%         N/A       100%        3
 Animate Armour           Summ/Erth      0%         N/A       100%        4
 Fulminant Prism          Conj/Hex       0%         3d6       100%        4
 Leda's Liquefaction      Hex/Erth       0%         N/A       100%        4
 Olgreb's Toxic Radiance  Pois           0%         N/A       100%        4
 Orb of Destruction       Conj           0%         9d5       100%        7
 Ozocubu's Refrigeration  Ice            0%         4d7       100%        7
 Spellforged Servitor     Conj/Summ      0%         N/A       100%        7
 Ignition                 Fire           0%         3d3       100%        8
 Lehudib's Crystal Spear  Conj/Erth      0%         10d2      100%        8


Dungeon Overview and Level Annotations

Branches:
Dungeon (15/15)            Temple (1/1) D:5            Lair (5/5) D:10
 Shoals (0/4) Lair:2       Spider (0/4) Lair:3        Slime (0/5) Lair:5
    Orc (2/2) D:12            Elf (0/3) Orc:2        Vaults (0/5) D:13
 Depths (1/4) D:15        Ossuary (visited)

Altars:
Ashenzari
Cheibriados
Dithmenos
Elyvilon
Fedhas
Gozag
Hepliaklqana
Kikubaaqudgha
Makhleb
Nemelex Xobeh
Okawaru
Qazlal
Ru
Sif Muna
Trog
Uskayaw
Vehumet
Wu Jian
Xom
Yredelemnul
Zin
The Shining One

Shops:
D:1 [   D:3 *   D:5 [!?[(   Orc:1 :   Orc:2 [*:?:

Portals:
Abyss: Depths:1

Annotations:
Lair:5 exclusion: 2 oklob plants


Innate Abilities, Weirdness & Mutations

You have a pair of horns on your head.
You reflexively headbutt those who attack you in melee.
You are strong-willed. (Will+)


Message History

You kill the spark wasp!
Makhleb accepts your kill.
You feel better.
You hit the spark wasp but do no damage.
You closely miss the spark wasp. The spark wasp stings you!!
The spark wasp shocks you!
The spark wasp stings you but does no damage.
You block the spark wasp's attack. x2
You slash the spark wasp! You burn the spark wasp. You headbutt the spark wasp.
The spark wasp is moderately wounded.
You slash the spark wasp! You burn the spark wasp.
The spark wasp closely misses you. You furiously retaliate!
You headbutt the spark wasp.
The spark wasp bursts into living lightning!
The living lightning hits you!!
The living lightning misses the spark wasp.
The spark wasp blinks!
The spark wasp stings you! The spark wasp shocks you!
* * * LOW HITPOINT WARNING * * *
You are too injured to fight recklessly!
You feel better. You block the spark wasp's attack.
The spark wasp stings you but does no damage.
The spark wasp stings you.
* * * LOW HITPOINT WARNING * * *
The spark wasp shocks you!
* * * LOW HITPOINT WARNING * * *
The spark wasp bursts into living lightning!
The living lightning hits the spark wasp.
The spark wasp completely resists.
The living lightning hits you!
* * * LOW HITPOINT WARNING * * *
The spark wasp blinks!
A red film seems to cover your vision as you go berserk!
You feel yourself moving faster!
You feel mighty! You block the spark wasp's attack. x3
You miss the spark wasp.
The spark wasp is moderately wounded.
You slash the spark wasp! You burn the spark wasp.
You block the spark wasp's attack. The spark wasp stings you.
* * * LOW HITPOINT WARNING * * *
The spark wasp shocks you!
You die...

#. #.## #... #..#
#..# #..# ... #.§#
#... #yy# #... #.@#
#... #.y##### #...
#......## +...
##.P.P..######+#...
#.._..............
#.P.P.#.........∩.
#.....#..~~~~~....
#.....#..~###~....
#.###.#..~# #~....


You could see 3 spark wasps.

Vanquished Creatures
  Kirke (D:15)
  Nessos (D:15)
  Azrael (D:15)
  A spark wasp (Depths:1)
  Josephine (D:15)
  A fire dragon (Depths:1)
  4 vault guards (D:13)
  2 catoblepae
  4 hydras
  2 centaur warriors
  3 death yaks (D:10)
  A tengu warrior (D:14)
  A two-headed ogre (D:13)
  4 orc high priests
  Amaemon (Lair:3)
  A wizard (D:14)
  A swamp dragon (shapeshifter) (D:13)
  A necromancer (D:15)
  5 orc knights
  6 ugly things
  5 deep elf pyromancers
  A wolf spider (Lair:5)
  4 orc sorcerers (Orc:2)
  5 cyclopes
  2 naga magi (D:15)
  2 manticores
  8 black mambas
  7 elephants
  A guardian serpent (Lair:5)
  A gargoyle (D:10)
  A centaur skeleton (D:15)
  A torpor snail (Lair:5)
  An orange demon (Lair:3)
  18 cane toads
  2 rime drakes
  6 komodo dragons
  2 unseen horrors
  A yaktaur (D:15)
  A tengu conjurer (D:15)
  Prince Ribbit (Lair:2)
  13 polar bears
  A blink frog (shapeshifter) (D:13)
  4 hornets
  2 trolls
  A wind drake (Lair:2)
  11 blink frogs
  19 slime creatures
  14 dream sheep
  2 raiju (Lair:5)
  Sigmund (D:5)
  A centaur simulacrum (D:15)
  16 wyverns
  3 basilisks
  3 fire elementals
  46 yaks
  7 hogs
  8 humans (D:13)
  9 wraiths
  A steam dragon (D:8)
  3 redbacks (Lair:5)
  An acid dragon (D:9)
  12 vampire mosquitoes
  9 wargs
  16 hell hounds
  20 water moccasins
  Duvessa (D:4)
  A meliai simulacrum (D:15)
  An ice beast (D:5)
  14 black bears
  21 orc warriors
  16 wolves
  9 ogres
  6 centaurs
  A phantom (D:6)
  10 bullfrogs
  A necrophage (D:8)
  2 gnoll sergeants
  10 scorpions
  12 wights
  Dowan (D:4)
  4 killer bees (D:11)
  A vampire bat (Lair:4)
  8 electric eels
  5 howler monkeys
  2 human zombies (Ossuary)
  2 hounds
  3 jellies
  14 orc priests
  2 gnoll boudas
  Terence (D:3)
  4 iguanas
  10 orc wizards
  4 scorpion zombies (Ossuary)
  7 hell rats
  A boggart simulacrum (D:15)
  4 mummies
  6 adders
  21 gnolls
  A river rat (D:10)
  2 shadow imps
  2 white imps
  A worm (D:2)
  4 dart slugs
  45 orcs
  6 endoplasms
  2 giant cockroaches (D:1)
  A gnoll zombie (Ossuary)
  9 goblins
  10 hobgoblins
  2 jackals (D:3)
  11 kobolds
  5 quokkas
  5 ball pythons
  14 bats
  2 frilled lizards
  3 goblin zombies (Ossuary)
  A hobgoblin zombie (Ossuary)
  A kobold zombie (Ossuary)
  2 orc zombies (Ossuary)
  9 rats
  A butterfly (Lair:5)
679 creatures vanquished.

Vanquished Creatures (collateral kills)
  Sonja (Lair:4)
  An orc knight (Orc:2)
  An orc sorcerer (Orc:2)
  A wyvern (Lair:5)
  2 hell rats (Lair:5)
6 creatures vanquished.

Vanquished Creatures (others)
  2 orc wizards
  2 orcs
  A rat (D:10)
  35 fungi
  60 plants
100 creatures vanquished.

Grand Total: 785 creatures vanquished

Notes
Turn   | Place    | Note
-------+----------+-------------------------------------------
     0 | D:1      | nachturnus the Minotaur Monk began the quest for the Orb.
     0 | D:1      | Reached XP level 1. HP: 19/19 MP: 0/0
   264 | D:1      | Reached XP level 2. HP: 21/26 MP: 1/1
   446 | D:1      | Found a faded altar of an unknown god.
   582 | D:1      | Reached skill level 5 in Axes
   699 | D:1      | Reached XP level 3. HP: 31/31 MP: 2/2
   707 | D:1      | Found Keuj's Armour Emporium.
  1872 | D:3      | Reached XP level 4. HP: 39/39 MP: 3/3
  2259 | D:3      | Found Ducse Kuo's Assorted Antiques.
  2383 | D:3      | Noticed Terence
  2399 | D:3      | Killed Terence
  3277 | D:4      | Noticed Duvessa
  3282 | D:4      | Noticed Dowan
  3518 | D:4      | Killed Duvessa
  3519 | D:4      | Reached XP level 5. HP: 31/45 MP: 4/4
  4088 | D:4      | Killed Dowan
  4089 | D:4      | Reached XP level 6. HP: 23/51 MP: 5/5
  4264 | D:5      | Entered Level 5 of the Dungeon
  4282 | D:5      | Found a sand-covered staircase.
  4292 | Ossuary  | Entered an ossuary
  4532 | Ossuary  | Reached XP level 7. HP: 28/57 MP: 6/6
  4535 | Ossuary  | Reached skill level 10 in Axes
  4878 | Ossuary  | Reached skill level 1 in Armour
  5121 | Ossuary  | Reached skill level 5 in Armour
  5123 | Ossuary  | Reached XP level 8. HP: 51/64 MP: 7/7
  5315 | D:5      | Found a staircase to the Ecumenical Temple.
  5547 | Temple   | Entered the Ecumenical Temple
  5985 | Temple   | Became a worshipper of Makhleb the Destroyer
  5985 | Temple   | Reached * piety under Makhleb
  5985 | Temple   | Reached ** piety under Makhleb
  6107 | D:5      | Found Zooxkuac's Weapon Boutique.
  6131 | D:5      | Found Entodos's Armour Boutique.
  6134 | D:5      | Found Fef Suimui's Distillery.
  6145 | D:5      | Found Daharise's Magic Scroll Shoppe.
  6147 | D:5      | Found Anets's Armour Emporium.
  6282 | D:5      | Noticed Sigmund
  6289 | D:5      | Killed Sigmund
  7054 | D:6      | Reached skill level 10 in Armour
  7111 | D:6      | Reached skill level 1 in Invocations
  7111 | D:6      | Reached XP level 9. HP: 64/70 MP: 8/8
  7259 | D:6      | Reached skill level 2 in Invocations
  7823 | D:6      | Reached skill level 3 in Invocations
  8226 | D:7      | Reached skill level 4 in Invocations
 10593 | D:8      | Noticed a cyclops
 10914 | D:8      | Identified the +1 pair of boots of Shadows and Fog {Dex+2}
 11010 | D:8      | Killed a cyclops
 11010 | D:8      | Reached *** piety under Makhleb
 11011 | D:8      | Reached XP level 10. HP: 77/77 MP: 12/12
 11223 | D:8      | Found a hide-covered altar of Uskayaw.
 11703 | D:9      | You fall into a shaft and drop 1 floor!
 11703 | D:10     | Entered Level 10 of the Dungeon
 11929 | D:10     | Found a staircase to the Lair.
 12402 | D:9      | Reached skill level 5 in Shields
 13667 | D:1      | Bought the +6 tower shield of Xuufoqau {rPois Will- Regen+}
                  | for 581 gold pieces
 13694 | D:2      | Gained mutation: You have a pair of large horns on your
                  | head. [potion of mutation]
 13694 | D:2      | Gained mutation: Your body sometimes deteriorates upon
                  | taking damage. [potion of mutation]
 13697 | D:2      | Lost mutation: Your body sometimes deteriorates upon taking
                  | damage. [potion of mutation]
 13697 | D:2      | Lost mutation: You have a pair of large horns on your head.
                  | [potion of mutation]
 13697 | D:2      | Gained mutation: You are strong-willed. (Will+) [potion of
                  | mutation]
 13901 | D:10     | Noticed a gargoyle
 13909 | D:10     | Killed a gargoyle
 13924 | D:10     | Reached **** piety under Makhleb
 14169 | D:10     | Noticed a death yak
 14171 | D:10     | Noticed a death yak
 14171 | D:10     | Noticed a death yak
 14186 | D:10     | Killed a death yak
 14266 | D:10     | Killed a death yak
 14361 | D:10     | Killed a death yak
 14362 | D:10     | Reached XP level 11. HP: 82/82 MP: 13/13
 14433 | D:10     | Found a glowing golden altar of the Shining One.
 14785 | D:11     | Found a shimmering blue altar of Sif Muna.
 15404 | D:12     | Noticed a deep elf pyromancer
 15465 | D:12     | Reached ***** piety under Makhleb
 15470 | D:12     | Reached skill level 10 in Maces & Flails
 16097 | Lair:1   | Entered Level 1 of the Lair of Beasts
 16534 | Lair:1   | Identified the +0 robe of the Iron City of Dis {Fly rC+}
 16878 | Lair:1   | Reached skill level 10 in Shields
 16879 | Lair:1   | Reached XP level 12. HP: 90/90 MP: 14/14
 17614 | Lair:2   | Found a staircase to the Shoals.
 17802 | Lair:2   | Noticed a catoblepas
 17843 | Lair:2   | Killed a catoblepas
 19005 | Lair:3   | Noticed Amaemon
 19013 | Lair:3   | Noticed Prince Ribbit
 19020 | Lair:3   | Killed Amaemon
 19038 | Lair:2   | Killed Prince Ribbit
 19404 | Lair:3   | Identified the ring of Kaotou {rN+ Dex+2}
 19547 | Lair:3   | You fall into a shaft and drop 2 floors!
 19547 | Lair:5   | Entered Level 5 of the Lair of Beasts
 19586 | Lair:5   | Reached skill level 5 in Invocations
 19706 | Lair:4   | Reached skill level 6 in Invocations
 19898 | Lair:3   | Found a hole to the Spider Nest.
 20196 | Lair:4   | Noticed a catoblepas
 20214 | Lair:3   | Killed a catoblepas
 20510 | Lair:4   | Reached skill level 7 in Invocations
 20579 | Lair:4   | Reached XP level 13. HP: 95/95 MP: 17/17
 20658 | Lair:4   | Reached skill level 8 in Invocations
 20659 | Lair:4   | Reached ****** piety under Makhleb
 20810 | Lair:4   | Noticed Sonja
 20826 | Lair:4   | Killed Sonja
 20887 | Lair:4   | Found a glowing golden altar of the Shining One.
 21160 | Lair:5   | Reached skill level 9 in Invocations
 21210 | Lair:5   | Reached skill level 10 in Invocations
 21402 | Lair:5   | Reached skill level 11 in Invocations
 21603 | Lair:5   | Reached skill level 12 in Invocations
 21705 | Lair:5   | Identified a scroll of acquirement
 21718 | Lair:5   | Acquired 833 gold pieces
 21843 | Lair:5   | Reached skill level 13 in Invocations
 21856 | Lair:5   | Reached XP level 14. HP: 102/102 MP: 22/22
 22004 | Lair:5   | Found a staircase to the Slime Pits.
 22317 | Lair:5   | Reached skill level 14 in Invocations
 22925 | D:1      | Bought +1 pearl dragon scales for 1468 gold pieces
 23262 | D:12     | Found a staircase to the Orcish Mines.
 23583 | D:12     | Found a transporter.
 24091 | Orc:1    | Entered Level 1 of the Orcish Mines
 24320 | Orc:2    | Entered Level 2 of the Orcish Mines
 24343 | Orc:2    | Reached skill level 15 in Invocations
 24435 | Orc:2    | Found Veatrust's Book Boutique.
 24479 | Orc:2    | Reached skill level 5 in Fighting
 24562 | Orc:2    | Found a staircase to the Elven Halls.
 24654 | Orc:2    | Found Subad's Magic Scroll Emporium.
 24654 | Orc:2    | Found Adauth's Book Boutique.
 24696 | Orc:2    | Found Bamurabb's General Store.
 24696 | Orc:2    | Found Enaotwel's Armour Boutique.
 24967 | Orc:1    | Found Keusmic's Self-Improvement Boutique.
 25761 | D:13     | Reached skill level 10 in Fighting
 25795 | D:13     | Found a gate to the Vaults.
 26014 | D:14     | Reached XP level 15. HP: 128/130 MP: 25/25
 26664 | D:15     | Entered Level 15 of the Dungeon
 26666 | D:15     | Noticed Azrael
 26697 | D:15     | Killed Azrael
 26773 | D:15     | Noticed Nessos
 26795 | D:15     | Noticed Josephine
 26803 | D:15     | Killed Josephine
 26803 | D:15     | Noticed Kirke
 26945 | D:15     | Killed Kirke
 26959 | D:15     | Killed Nessos
 27695 | D:15     | Found a staircase to the Depths.
 27994 | Depths:1 | Entered Level 1 of the Depths
 28017 | Depths:1 | Found a one-way gate to the infinite horrors of the Abyss.
 28076 | Depths:1 | Found a basalt altar of Yredelemnul.
 28184 | Depths:1 | Slain by a spark wasp

Illustrated notes

Levels and vault maps discovered:
D:1:      dpeg_arrival_morbid_curiosity, layout_basic, serial_shops,
          nicolae_shop_waterfront, ebering_ecumenical_altar_rust,
          chequers_serial_rivers_micro_d, grunt_decor_resistance, st_stairs_1
D:2:      layout_loops_ring, uniq_crazy_yiuf_cottage
D:3:      layout_loops_corners, serial_shops, shop, hangedman_decor_opposing,
          uniq_terence
D:4:      layout_loops_cross, minmay_misc_feat_ornament, uniq_duvessa
D:5:      layout_rooms, minmay_temple_entry_overgrown,
          gup_ossuary_entry_pyramid, serial_shops,
          nicolae_shop_bloodbath_and_beyond, nicolae_wooded_promenade,
          glass_columns_a, minmay_crystal_room, uniq_sigmund
D:6:      layout_loops_ring
D:7:      layout_gridville, kennysheep_boxes
D:8:      layout_rooms, mainiacjoe_overflow_six_doors_small
D:9:      layout_stronghold
D:10:     layout_basic, kennysheep_little_box, dpeg_lair_monsters,
          hangedman_abyss_or_decor_stagger
D:11:     layout_cave_pools, nicolae_sif_muna_condensation
D:12:     layout_loops_ring, orc_david_3, nicolae_diode_basic
D:13:     layout_irregular_city, ximxim_vaults_locker_room
D:14:     layout_basic, chequers_serial_rivers_room_b
D:15:     grunt_enter_depths_magical_seal, layout_cave_pools, serial_glass,
          glass_columns_b, glass_columns_b, uniq_nessos, uniq_azrael,
          uniq_josephine, uniq_kirke
Temple:   mainiacjoe_temple_big_plus
Lair:1:   layout_regular_city
Lair:2:   layout_concentric_octagons, minmay_shoals_entry_beasts
Lair:3:   layout_hall_layers, spider_nest_entry_web_field,
          nicolae_quartered_pool_medium, uniq_amaemon, uniq_prince_ribbit2
Lair:4:   layout_cave_pods, basic_altar, nicolae_lair_grove_arrangements,
          roderic_batcave, grunt_forest_small_clearings, st_stairs_5, uniq_sonja
Lair:5:   hangedman_lair_caniforms_friends, layout_regular_city,
          hangedman_lair_tendril_chambers, minmay_slime_entry_oklob_open,
          infiniplex_staircase_pool_2, lemuel_fruit_fields
Orc:1:    layout_caves, portal_ice_cave_entry_pillars_2, nicolae_shop_self_help
Orc:2:    grunt_orc_tribal_feast, layout_caves, serial_shops, nicolae_shop_trees
Depths:1: layout_gridlike, abyss_entry, dk_noncrumbling_2, hell_entry,
          yredelemnul_altar_generic

Skill      XL: |  1  2  3  4  5  6  7  8  9 10 11 12 13 14 15 |
---------------+----------------------------------------------+-----
Axes           | 4 5 7 8 9 10 12 13 | 13.6
Armour         | 5 10 | 10.2
Invocations    | 1 4 7 13 15 | 15.0
Shields        | 3 6 10 14 | 14.3
Maces & Flails | 8 11 | 11.7
Fighting       | 11 14 | 14.9
Dodging        | |  3.2
Stealth        | |  1.5

Action                   |  1- 3 |  4- 6 |  7- 9 | 10-12 | 13-15 || total
-------------------------+-------+-------+-------+-------+-------++-------
Melee: Hand axe          |   114 |   149 |   282 |       |       ||   545
       Headbutt          |    19 |    34 |    75 |   123 |   212 ||   463
       Punch             |     1 |     2 |     4 |       |       ||     7
       Battleaxe         |       |       |    40 |   100 |       ||   140
       Morningstar       |       |       |       |   137 |       ||   137
       War axe           |       |       |       |   322 |   812 ||  1134
       Unarmed           |       |       |       |       |     9 ||     9
Invok: Lesser Servant of |       |       |       |     1 |       ||     1
       Greater Servant o |       |       |       |       |     2 ||     2
  Use: Scroll            |     4 |     5 |     9 |    11 |    14 ||    43
       Potion            |       |     2 |     5 |     6 |     6 ||    19
 Stab: Distracted        |       |       |       |       |     2 ||     2
Armor: Robe              |     1 |       |       |       |       ||     1
       Chain mail        |    59 |    77 |   131 |    82 |       ||   349
       Plate armour      |       |       |       |   137 |   160 ||   297
       Pearl dragon scal |       |       |       |       |   231 ||   231
Dodge: Dodged            |    61 |    29 |   103 |    93 |   199 ||   485
Block: Tower shield      |       |       |       |   511 |  1109 ||  1620
